Match 27764245
Unlisted

Match 27764245
End
Panzergrenadier Squad
250 Light Carrier
Panzergrenadier Squad
Construct Light Support Kompanie
Fire Support Elements
Combat Half-tracks
Flakvierling Half-track
Pak 38 Mechanized Group
Panzergrenadier Squad
2.5-tonne Medical Truck
Panzergrenadier Squad
Vehicle Survival Package
2.5-tonne Medical Truck
Pak 38 Mechanized Group
Construct Panzerarmee Kommand
Panzergrenadier Squad
Armored Reserves
Panzergrenadier Squad
Veteran Squad Leaders
Tiger Heavy Tank
Selects Armored Support Battlegroup
Selects Salvage Kits
Selects Panzer Storm
Selects Stuka Anti-tank Loiter
Stuka Anti-tank Loiter
Selects Veteran Gunners
Selects Flammpanzer III Medium Tank Sd.Kfz. 141
Pak 38 Anti-tank Gun Team
Tiger Heavy Tank
Pak 38 Anti-tank Gun Team
Pak 38 Anti-tank Gun Team
Stuka Anti-tank Loiter
Forward Retreat Point
Construct Mechanized Kompanie
Support Armor Elements
18-tonne Recovery Half-track
Stuka Anti-tank Loiter
254 Reconnaissance Tractor
Panzerjäger Squad
Flak 36 Anti-tank Gun Team
Stuka Anti-tank Loiter
Walking Stuka Rocket Launcher
EisregenKubus0
Mike
DaMayzr
Dodo
Insurmountable Odds
BeeRye
0
0

Comments sign in to comment!

No comments posted yet!